 Dungeon Crawl Stone Soup version 0.29-a0-824-gd827844252 (webtiles) character file.

Game seed: 10928447897611301323

21 Malachi the Ducker (level 2, 0/31 HPs)
             Began as an Octopode Berserker on July 10, 2022.
             Was a Follower of Trog.
             Slain by Natasha (4 damage)
             ... on level 2 of the Dungeon.
             The game lasted 00:00:44 (995 turns).

Malachi the Ducker (Octopode Berserker)              Turns: 995, Time: 00:00:45

Health: 0/31       AC:  1    Str: 16    XL:     2   Next: 87%
Magic:  2/2        EV: 14    Int:  9    God:    Trog [*.....]
Gold:   89         SH:  0    Dex: 11    Spells: 1/1 levels left

rFire   . . .      SeeInvis .   a - +0 hand axe
rCold   . . .      Faith    .   (no shield)
rNeg    . . .      Spirit   .   (helmet restricted)
rPois   .          Reflect  .   (no amulet)
rElec   .          Harm     .   f - ring of resist corrosion
rCorr   +          Rampage  .   (no ring)
Will    .....                   (no ring)
Stlth   ..........              (no ring)
HPRegen 0.10/turn               (no ring)
MPRegen 0.08/turn               (no ring)
                                (no ring)
                                (no ring)

@: berserking, very quick
A: almost no armour, amphibious, 8 rings, camouflage 1, gelatinous body 1,
(nimble swimmer 1), tentacles
a: Renounce Religion, Berserk


You were on level 2 of the Dungeon.
You worshipped Trog.
Trog was aware of your devotion.
You visited 1 branch of the dungeon, and saw 2 of its levels.

You collected 89 gold pieces.

Inventory:

Hand Weapons
 a - a +0 hand axe (weapon)
Jewellery
 b - a ring of fire
 f - a ring of resist corrosion (left tentacle)
Scrolls
 d - 3 scrolls of fog {unknown}
 e - a scroll of identify {unknown}
 g - a scroll of fear {unknown}
Potions
 c - a potion of curing {unknown}
 h - a potion of cancellation {unknown}


   Skills:
 - Level 3.0 Fighting
 - Level 3.0 Axes
 * Level 4.0 Dodging


You had one spell level left.
You didn't know any spells.
Your spell library was empty.

Dungeon Overview and Level Annotations

Branches:
Dungeon (2/15)

Altars:

Annotations:
D:2 Natasha


Innate Abilities, Weirdness & Mutations

You cannot wear most types of armour.
You are amphibious.
You can wear up to eight rings at the same time.
Your skin changes colour to match your surroundings (Stealth+).
Your rubbery body absorbs attacks. (AC +1, EV +1)
((You are camouflaged when in or above water. (Stealth+)))
You have tentacles for arms and can constrict up to eight enemies at once.


Message History

You see here a jackal corpse.
A quokka comes into view.
A quokka is nearby!
A quokka is nearby!
A quokka is nearby!
A quokka is nearby!
Found a stone staircase leading down.
The helpless quokka fails to defend itself.
You hit the quokka. Your grab misses the quokka. You squeeze the quokka.
The quokka is heavily wounded.
The quokka bites you.
You closely miss the quokka. You grab the quokka.
The quokka is heavily wounded.
You constrict the quokka, but do no damage.
The quokka completely misses you.
You release your grip on the quokka.
The quokka attacks as you move away! The quokka misses you.
The quokka barely misses you.
You closely miss the quokka. You grab the quokka. You squeeze the quokka.
The quokka is almost dead.
You constrict the quokka, but do no damage.
The quokka barely misses you.
You hit the quokka but do no damage.
The quokka is almost dead.
You constrict the quokka.
You kill the quokka!
Trog accepts your kill.
You see here a staff of death.
Natasha and a goblin come into view.
The goblin shouts!
Natasha hisses angrily.
There are monsters nearby!
There are monsters nearby!
There are monsters nearby!
You hit Natasha but do no damage. Your grab misses Natasha. Natasha claws you.
You barely miss Natasha. Your grab misses Natasha. Natasha claws you!
You are too injured to fight recklessly!
A red film seems to cover your vision as you go berserk!
You feel yourself moving faster!
You feel mighty! Natasha claws you!
* * * LOW HITPOINT WARNING * * *
You closely miss Natasha. Your grab misses Natasha. Natasha claws you.
You die...

#.......#
#.......#
#..|....#
###.##.##
#..#.#
##.#.#
#...#
##..# #.@#
##>hg.....
#########


You could see Natasha and a goblin.

Vanquished Creatures
  2 giant cockroaches (D:1)
  3 goblins (D:1)
  2 hobgoblins (D:1)
  3 jackals (D:2)
  A kobold (D:1)
  2 quokkas
  2 ball pythons (D:1)
  A frilled lizard (D:1)
  A rat (D:1)
17 creatures vanquished.

Notes
Turn   | Place    | Note
-------+----------+-------------------------------------------
     0 | D:1      | Malachi the Octopode Berserker began the quest for the Orb.
     0 | D:1      | Reached XP level 1. HP: 16/16 MP: 1/1
    20 | D:1      | Found a faded altar of an unknown god.
   201 | D:1      | Reached XP level 2. HP: 15/21 MP: 2/2
   837 | D:2      | Reached skill level 4 in Dodging
   991 | D:2      | Noticed Natasha
   995 | D:2      | Slain by Natasha

Illustrated notes

Levels and vault maps discovered:
D:1:      heliophobic_arrival_glass_houses, layout_loops_ring,
          ebering_ecumenical_altar_ruins
D:2:      layout_basic, uniq_natasha

Skill      XL: |  1  2 |
---------------+-------+-----
Dodging        | 4 |  4.0
Fighting       | |  3.0
Axes           | |  3.0

Action                   || total
-------------------------++-------
Melee: Hand axe          ||    37
       Constrict         ||     8
       Tentacles         ||     6
Invok: Berserk           ||     1
 Stab: Sleeping          ||     4
Armor: Skin              ||     2
Dodge: Dodged            ||    33

Table legend: (Time is in decaauts)
 A = Elapsed time spent in this place.
 B = Non-inter-level travel time spent in this place.
 C = Inter-level travel time spent in this place.
 D = Time resting spent in this place.
 E = Time spent auto-exploring this place.
 F = Levels seen in this place.
 G = Mean time per level.
                   A        B        C        D        E       F      G
               +--------+--------+--------+--------+--------+-----+--------+
         Total |    999 |    962 |     37 |      0 |    840 |   2 |  499.5 |
       Dungeon |    999 |    962 |     37 |      0 |    840 |   2 |  499.5 |
               +--------+--------+--------+--------+--------+-----+--------+

Top non-repeatable levels by time:
     D:1: 828 daAuts
     D:2: 170 daAuts
